 Dungeon Crawl Stone Soup version 0.26-a0-1213-gd52f5182fe (webtiles) character file.

Game seed: 719360859682902833

17567 HoaS the Severer (level 12, -1/108 HPs)
             Began as a Minotaur Berserker on Dec 30, 2020.
             Was a High Priest of Trog.
             Slain by a boulder beetle (56 damage)
             ... on level 2 of the Lair of Beasts.
             The game lasted 00:25:42 (11549 turns).

HoaS the Severer (Minotaur Berserker)              Turns: 11549, Time: 00:25:43

Health: -1/108     AC: 17    Str: 26    XL:     12   Next: 20%
Magic:  11/11      EV: 14    Int:  4    God:    Trog [*****.]
Gold:   1466       SH:  0    Dex: 11    Spells: 11/11 levels left

rFire    . . .     SeeInvis .   A - +2 battleaxe (flame)
rCold    . . .     Faith    .   (shield currently unavailable)
rNeg     . . .     Spirit   .   j - +4 chain mail
rPois    .         Reflect  .   (helmet restricted)
rElec    .         Harm     .   i - +2 cloak {Will+}
rCorr    .         Rampage  .   (no gloves)
Will     +....                  (no boots)
Stlth    ..........             (no amulet)
HPRegen  0.28/turn              y - +4 ring of evasion
MPRegen  0.12/turn              (no ring)

@: studying Fighting
A: retaliatory headbutt, horns 2
a: Renounce Religion, Berserk, Trog's Hand, Brothers in Arms


You were on level 2 of the Lair of Beasts.
You worshipped Trog.
Trog was extremely pleased with you.
You visited 3 branches of the dungeon, and saw 16 of its levels.

You collected 1862 gold pieces.
You spent 396 gold pieces at shops.

Inventory:

Hand Weapons
 A - a +2 battleaxe of flaming (weapon)
Armour
 i - a +2 cloak of willpower (worn)
 j - a +4 chain mail (worn)
Jewellery
 a - an uncursed ring of ice
 y - a +4 ring of evasion (left hand)
Wands
 h - a wand of polymorph (12)
 k - a wand of digging (3)
 r - a wand of disintegration (11)
 s - a wand of iceblast (6)
 x - a wand of paralysis (25)
 z - a wand of acid (9) (quivered)
Scrolls
 d - 9 scrolls of identify
 e - 3 scrolls of teleportation
 f - 2 scrolls of remove curse
 n - a scroll of fear
 t - 2 scrolls of fog
 u - 2 scrolls of enchant weapon
Potions
 b - 2 potions of resistance
 c - 2 potions of attraction
 g - 2 potions of heal wounds
 l - a potion of flight
 m - 2 potions of curing
 p - 2 potions of might
 v - a potion of mutation
Books
 o - a manual of Fighting


   Skills:
 * Level 10.8 Fighting
 - Level 20.0 Axes
 + Level 5.5 Armour
 + Level 5.1 Dodging


You had 11 spell levels left.
You didn't know any spells.
Your spell library was empty.

Dungeon Overview and Level Annotations

Branches:
Dungeon (13/15)            Temple (1/1) D:6            Lair (2/6) D:9
  Swamp: Lair:2-4    Shoals: Lair:2-4     Snake: Lair:2-4    Spider: Lair:2-4
    Orc: D:9-12      Vaults: D:13-14

Altars:
Ashenzari
Cheibriados
Fedhas
Gozag
Kikubaaqudgha
Nemelex Xobeh
Okawaru
Qazlal
Ru
Sif Muna
Trog
Uskayaw
Vehumet
Xom
Yredelemnul
Zin
The Shining One

Shops:
D:4 !   D:6 =   D:8 }   D:11 (

Annotations:
D:11 exclusion: 3 electric eels


Innate Abilities, Weirdness & Mutations

You reflexively headbutt those who attack you in melee.
You have a pair of horns on your head.


Message History

You headbutt the boulder beetle.
The boulder beetle is severely wounded.
The boulder beetle bites you.
* * * LOW HITPOINT WARNING * * *
You hit the boulder beetle. You burn the boulder beetle.
The boulder beetle is almost dead.
The boulder beetle leaps!
You feel much better.
The boulder beetle curls into a ball and begins rolling!
You start resting.
A cane toad comes into view.
The cane toad croaks.
The cane toad completely misses you. You furiously retaliate!
You headbutt the cane toad! You hit the cane toad. You burn the cane toad.
You headbutt the cane toad!
The cane toad is heavily wounded.
You hit the boulder beetle. You burn the boulder beetle.
The boulder beetle hits you!!!
Ouch! That really hurt!
You die...

#.......# #+#.# #..##
### ##.# #.# #○##
#.#####+°####
##.....°....# #..###.##
#....B..†.(# ........#
###...@......#
........###.'...F......#
........P#..#..........#
........##.#[..........#
........##..P..........#
........##..P..........#
...........####.##+#..##
.........#.# ### #.#
.........### #


You could see a boulder beetle and a cane toad.

Vanquished Creatures
  A boulder beetle (D:12)
  A two-headed ogre (D:11)
  A centaur warrior (D:12)
  Urug (D:10)
  The ghost of bmj180 the Destroyer, a novice DrCj of Vehumet (D:8)
  An ugly thing (D:11)
  3 cyclopes
  A black mamba (Lair:1)
  Maggie (D:9)
  A rime drake (Lair:1)
  2 komodo dragons (Lair:1)
  A troll (D:10)
  15 blink frogs
  2 wyverns
  14 yaks
  A basilisk (Lair:1)
  Edmund (D:5)
  Menkaure (D:4)
  2 water moccasins (D:9)
  4 ice beasts
  2 sky beasts
  2 phantoms
  3 orc warriors
  3 black bears
  A necrophage (D:11)
  6 ogres
  6 centaurs
  2 big kobolds (D:8)
  13 bullfrogs
  6 scorpions
  4 wights (D:7)
  A howler monkey (D:7)
  A bullfrog zombie (D:10)
  3 bullfrog skeletons
  5 hounds
  Crazy Yiuf (D:3)
  A jelly (D:10)
  17 orc wizards
  8 orc priests
  A centaur skeleton (D:9)
  2 iguanas
  7 worker ants
  6 hell rats (Lair:1)
  2 hound zombies
  A hound skeleton (D:4)
  2 worker ant zombies (D:5)
  9 adders
  15 river rats (Lair:1)
  2 shadow imps
  4 white imps
  2 ufetubi
  An ooze (D:4)
  2 adder skeletons
  4 worms
  2 dart slugs
  4 leopard geckos
  37 orcs
  5 giant cockroaches
  9 hobgoblins
  2 jackals (D:2)
  9 quokkas
  3 ball pythons
  11 bats
  4 frilled lizards
  11 goblins
  13 kobolds
  A leopard gecko skeleton (D:9)
  17 rats
328 creatures vanquished.

Vanquished Creatures (others)
  A fungus (Lair:1)
  5 plants
6 creatures vanquished.

Grand Total: 334 creatures vanquished

Notes
Turn   | Place    | Note
-------+----------+-------------------------------------------
     0 | D:1      | HoaS the Minotaur Berserker began the quest for the Orb.
     0 | D:1      | Reached XP level 1. HP: 19/19 MP: 0/0
   112 | D:1      | Reached skill level 4 in Axes
   403 | D:1      | Reached XP level 2. HP: 26/26 MP: 1/1
   911 | D:2      | Reached skill level 5 in Axes
   959 | D:2      | Reached XP level 3. HP: 29/31 MP: 2/2
   994 | D:2      | Found a faded altar of an unknown god.
  1037 | D:2      | Reached ** piety under Trog
  1359 | D:2      | Reached XP level 4. HP: 37/39 MP: 3/3
  1363 | D:2      | Reached skill level 6 in Axes
  1481 | D:3      | Noticed a bullfrog
  1485 | D:3      | Killed a bullfrog
  1503 | D:3      | Reached XP level 5. HP: 45/45 MP: 4/4
  1538 | D:3      | Reached skill level 7 in Axes
  1628 | D:3      | Found an iron altar of Okawaru.
  1630 | D:3      | Found a radiant altar of Vehumet.
  1633 | D:3      | Found a shimmering altar of Xom.
  1748 | D:3      | Reached *** piety under Trog
  2014 | D:3      | Found a runed translucent door.
  2015 | D:3      | Noticed Crazy Yiuf
  2025 | D:3      | Killed Crazy Yiuf
  2249 | D:4      | Reached skill level 8 in Axes
  2250 | D:4      | Reached XP level 6. HP: 42/51 MP: 5/5
  2439 | D:4      | Noticed Menkaure
  2447 | D:4      | Reached skill level 9 in Axes
  2447 | D:4      | Killed Menkaure
  2448 | D:4      | Reached XP level 7. HP: 57/57 MP: 6/6
  2513 | D:4      | Found Usuiprat's Distillery.
  2742 | D:5      | Entered Level 5 of the Dungeon
  2878 | D:5      | Reached skill level 10 in Axes
  2902 | D:5      | Found a snail-covered altar of Cheibriados.
  2972 | D:5      | Noticed Edmund
  2981 | D:5      | Killed Edmund
  2982 | D:5      | Reached skill level 11 in Axes
  3095 | D:5      | Found a basalt altar of Yredelemnul.
  3226 | D:5      | Reached XP level 8. HP: 61/64 MP: 7/7
  3295 | D:5      | Found a glowing golden altar of the Shining One.
  3428 | D:5      | Found a stormy altar of Qazlal.
  3477 | D:5      | Reached skill level 12 in Axes
  3906 | D:6      | Found Ysoacuje's Jewellery Emporium.
  3912 | D:6      | Found a shimmering blue altar of Sif Muna.
  4007 | D:6      | Found an ancient bone altar of Kikubaaqudgha.
  4007 | D:6      | Found a blossoming altar of Fedhas.
  4044 | D:6      | Found a bloodstained altar of Trog.
  4217 | D:6      | Reached skill level 13 in Axes
  4458 | D:6      | Found a staircase to the Ecumenical Temple.
  4473 | Temple   | Entered the Ecumenical Temple
  5033 | D:6      | Identified a scroll of acquirement
  5033 | D:6      | Acquired a manual of Fighting
  5293 | D:7      | Found a sacrificial altar of Ru.
  5296 | D:7      | Reached **** piety under Trog
  5344 | D:7      | Found a hide-covered altar of Uskayaw.
  5356 | D:7      | Reached XP level 9. HP: 63/70 MP: 8/8
  5372 | D:7      | Reached skill level 14 in Axes
  5979 | D:8      | Found a broken altar of Ashenzari.
  6212 | D:8      | Found Isodghito's Gadget Shoppe.
  6355 | D:8      | Found a large runed translucent door.
  6356 | D:8      | Found a large runed translucent door.
  6358 | D:8      | Noticed bmj180's ghost (novice DrCj)
  6397 | D:8      | Reached skill level 15 in Axes
  6486 | D:8      | Killed bmj180's ghost
  6599 | D:9      | Reached skill level 16 in Axes
  6611 | D:9      | Reached XP level 10. HP: 29/77 MP: 9/9
  6620 | D:9      | Found a staircase to the Lair.
  6621 | D:9      | Found a basalt altar of Yredelemnul.
  6681 | D:9      | Found a sparkling altar of Nemelex Xobeh.
  6682 | D:9      | Noticed Maggie
  6689 | D:9      | Killed Maggie
  6691 | D:9      | Noticed a cyclops
  6907 | D:8      | Reached skill level 17 in Axes
  7493 | D:9      | Killed a cyclops
  7505 | D:9      | Acquired 1213 gold pieces
  7865 | D:6      | Bought a +4 ring of evasion for 396 gold pieces
  8017 | D:10     | Entered Level 10 of the Dungeon
  8062 | D:10     | Noticed Urug
  8075 | D:10     | Killed Urug
  8076 | D:10     | Reached skill level 18 in Axes
  8086 | D:10     | Noticed a cyclops
  8090 | D:10     | Killed a cyclops
  8398 | D:10     | You fall into a shaft and drop 1 floor!
  8638 | D:11     | Noticed a cyclops
  8638 | D:11     | Noticed a brown ugly thing
  8648 | D:11     | Killed a brown ugly thing
  8655 | D:11     | Killed a cyclops
  8656 | D:11     | Reached XP level 11. HP: 82/82 MP: 10/10
  8901 | D:10     | Reached ***** piety under Trog
  8981 | D:10     | You fall into a shaft and drop 3 floors!
  8990 | D:12     | Noticed a centaur warrior
  8997 | D:12     | Killed a centaur warrior
  8998 | D:12     | Reached skill level 19 in Axes
  9044 | D:12     | Noticed a boulder beetle
  9065 | D:12     | Killed a boulder beetle
  9112 | D:11     | Noticed a two-headed ogre
  9119 | D:11     | Killed a two-headed ogre
  9466 | D:11     | Found Owuanel's Antique Weapon Shop.
 10128 | Lair:1   | Entered Level 1 of the Lair of Beasts
 10151 | Lair:1   | Reached skill level 20 in Axes
 10191 | Lair:1   | Reached skill level 5 in Fighting
 10999 | Lair:1   | Received a gift from Trog
 11017 | Lair:1   | Reached XP level 12. HP: 104/104 MP: 11/11
 11310 | Lair:2   | Reached skill level 5 in Armour
 11318 | Lair:2   | Reached skill level 10 in Fighting
 11499 | Lair:2   | Noticed a boulder beetle
 11509 | Lair:2   | Reached skill level 5 in Dodging
 11549 | Lair:2   | Slain by a boulder beetle

Illustrated notes

Levels and vault maps discovered:
D:1:      lemuel_arrival_behind_the_door_large, layout_basic
D:2:      minmay_razor_zed, layout_rooms,
          chequers_ecumenical_altar_simple_redux, serial_corexii_hall,
          chequers_hall_statues_y, chequers_hall_statues_wall_a,
          lemuel_another_geyser
D:3:      layout_loops_ring, grunt_temple_overflow_open, uniq_crazy_yiuf_cottage
D:4:      layout_cave_pools, serial_shops, nicolae_shop_behind_doors,
          uniq_menkaure
D:5:      layout_basic, yredelemnul_altar_generic, grunt_qazlal_sundering,
          kennysheep_little_box, cheibriados_altar_1, uniq_edmund
D:6:      minmay_angry_zag, layout_loops_corners,
          grunt_temple_overflow_growth_and_decay, led_sif_book,
          minmay_temple_entry_gardened_gates, serial_shops, shop,
          trog_three_pillars_becter
D:7:      layout_basic, nicolae_ru_awakened_eye, old_standard_altar
D:8:      layout_loops_ring, cheibrodos_ashenzari_chains,
          ebering_ghost_disaster_area, serial_shops,
          nicolae_shop_competitors_out_of_business
D:9:      layout_gridville, nemelex_xobeh_ov_fountains_minmay, lair_entry_dummy,
          basic_altar, enter_bailey_3, uniq_maggie
D:10:     layout_stronghold, uniq_urug
D:11:     layout_basic, serial_shops, shop, uniq_gastronok
D:12:     layout_basic, orc_0_dummy, special_room [special_room_bee],
          serial_shops, shop, uniq_kirke
D:13:     layout_cave_pods, lightli_vaults_fourway_checkpoint, uniq_josephine,
          uniq_frances
Temple:   kb_temple_of_zot
Lair:1:   lemuel_ratsnest, layout_regular_city, serial_rivers,
          chequers_serial_rivers_large_a, chequers_serial_rivers_small_3,
          chequers_serial_rivers_micro_d, chequers_serial_rivers_micro_c,
          chequers_serial_rivers_small_3, chequers_serial_rivers_micro_e
Lair:2:   layout_roguey, st_stairs_5

Skill      XL: |  1  2  3  4  5  6  7  8  9 10 11 12 |
---------------+-------------------------------------+-----
Axes           | 4 5 6 8 9 11 13 16 18 20 | 20.0
Fighting       | 9 10 | 10.8
Armour         | 4 5 |  5.5
Dodging        | 4 5 |  5.1

Action                   |  1- 3 |  4- 6 |  7- 9 | 10-12 || total
-------------------------+-------+-------+-------+-------++-------
Melee: Hand axe          |    78 |    83 |       |       ||   161
       Headbutt          |    10 |    23 |    33 |    76 ||   142
       Battleaxe         |       |     7 |   174 |    71 ||   252
       War axe           |       |       |    80 |   290 ||   370
Invok: Berserk           |       |     1 |     3 |     2 ||     6
       Trog's Hand       |       |     1 |     2 |     5 ||     8
Evoke: Wand              |       |       |     2 |     8 ||    10
  Use: Scroll            |       |     7 |    11 |     4 ||    22
       Potion            |       |       |       |     1 ||     1
Armor: Animal skin       |     3 |       |       |       ||     3
       Scale mail        |    18 |    25 |       |       ||    43
       Chain mail        |       |     8 |   136 |   106 ||   250
Dodge: Dodged            |    46 |    36 |    81 |   147 ||   310

Table legend: (Time is in decaauts)
 A = Elapsed time spent in this place.
 B = Non-inter-level travel time spent in this place.
 C = Inter-level travel time spent in this place.
 D = Time resting spent in this place.
 E = Time spent auto-exploring this place.
 F = Levels seen in this place.
 G = Mean time per level.
                   A        B        C        D        E       F      G
               +--------+--------+--------+--------+--------+-----+--------+
         Total |  11530 |  10852 |    678 |   2998 |   6157 |  16 |  720.6 |
       Dungeon |  10099 |   9481 |    618 |   2716 |   5343 |  13 |  776.8 |
        Temple |     52 |     29 |     23 |      0 |     28 |   1 |   52.0 |
          Lair |   1378 |   1341 |     37 |    281 |    786 |   2 |  689.0 |
               +--------+--------+--------+--------+--------+-----+--------+

Top non-repeatable levels by time:
     D:8: 1541 daAuts
     D:6: 1416 daAuts
     D:5: 1171 daAuts
  Lair:1: 1141 daAuts
    D:10: 995 daAuts
    D:11: 994 daAuts
     D:1: 893 daAuts
     D:3: 748 daAuts
     D:7: 696 daAuts
     D:2: 591 daAuts
     D:4: 523 daAuts
     D:9: 450 daAuts
  Lair:2: 237 daAuts
    D:12: 74 daAuts
  Temple: 52 daAuts
